 Dungeon Crawl Stone Soup version 0.29-a0-553-g81b289dbe5 (webtiles) character file.

Game seed: 15041881276329840085

19 porpoise the Charlatan (level 2, -1/22 HPs)
             Began as a Demonspawn Artificer on June 7, 2022.
             Slain by a worm (7 damage)
             ... on level 2 of the Dungeon.
             The game lasted 00:03:11 (1766 turns).

porpoise the Charlatan (Demonspawn Artificer)       Turns: 1766, Time: 00:03:12

Health: -1/22      AC:  4    Str: 12    XL:     2   Next: 55%
Magic:  2/2        EV: 11    Int: 12    God:
Gold:   29         SH:  0    Dex: 13    Spells: 1/1 levels left

rFire   . . .      SeeInvis .   a - +0 short sword
rCold   . . .      Faith    .   (no shield)
rNeg    . . .      Spirit   .   l - +0 leather armour
rPois   .          Reflect  .   (no helmet)
rElec   .          Harm     .   (no cloak)
rCorr   .          Rampage  .   (no gloves)
Will    .....                   (no boots)
Stlth   +.........              (no amulet)
HPRegen 0.07/turn               (no ring)
MPRegen 0.08/turn               (no ring)

@: no status effects
A: rugged brown scales 1
a: no special abilities


You were on level 2 of the Dungeon.
You visited 1 branch of the dungeon, and saw 2 of its levels.

You collected 29 gold pieces.

Inventory:

Hand Weapons
 a - a +0 short sword (weapon)
 b - a +0 hunting sling
 i - a +0 dagger
Armour
 l - a +0 leather armour (worn)
Magical Staves
 g - a staff of death
Wands
 c - a wand of flame (12) (quivered)
 d - a wand of charming (15)
 e - a wand of iceblast (9)
Scrolls
 j - a scroll of amnesia {unknown}
Potions
 f - a potion of brilliance {unknown}
 h - 2 potions of lignification {unknown}
 k - a potion of flight {unknown}
 m - a potion of haste {unknown}


   Skills:
 * Level 2.0 Fighting
 - Level 1.7 Armour
 - Level 0.8 Dodging
 + Level 1.4 Stealth
 * Level 0.7 Unarmed Combat
 - Level 3.0 Evocations


You had one spell level left.
You didn't know any spells.
Your spell library contained the following spells:

 Spells                   Type           Power      Damage    Failure   Level
 Apportation              Tloc           0%         N/A       38%         1
 Necrotize                Necr           0%         1d4       38%         1
 Summon Small Mammal      Summ           0%         N/A       38%         1
 Gell's Gravitas          Tloc           0%         N/A       77%         3
 Teleport Other           Tloc           0%         N/A       77%         3
 Dispersal                Tloc           0%         N/A       100%        6


Dungeon Overview and Level Annotations

Branches:
Dungeon (2/15)

Altars:


Innate Abilities, Weirdness & Mutations

You are partially covered in rugged brown scales. (AC +1, +3% HP)


Message History

Found a stone staircase leading down.
You shoot a sling bullet. The sling bullet hits the ball python!
You kill the ball python!
Your Fighting skill increases to level 2!
You shoot a sling bullet. The sling bullet hits the worm.
The worm is lightly wounded.
You shoot a sling bullet.
The sling bullet hits the worm but does no damage.
The worm is lightly wounded.
You shoot a sling bullet. The sling bullet hits the worm.
The worm is lightly wounded.
You shoot a sling bullet. The sling bullet hits the worm.
The worm is lightly wounded.
a - a +0 short sword (weapon)
You barely miss the worm.
The worm is lightly wounded.
The worm barely misses you.
You hit the worm.
The worm is moderately wounded.
You barely miss the worm.
The worm is moderately wounded.
The worm bites you!
You hit the worm.
The worm is heavily wounded.
The worm bites you.
You hit the worm.
The worm is severely wounded.
You hit the worm but do no damage.
The worm is severely wounded.
The worm bites you.
You hit the worm.
The worm is severely wounded.
The worm bites you.
* * * LOW HITPOINT WARNING * * *
You hit the worm but do no damage.
The worm is severely wounded.
You hit the worm.
The worm is almost dead.
The worm bites you!
You die...

.>!♣.>.
.....
♣...♣ ...
##'# #..#
#.##
###w#####
#..@....#
#.#####.#
#. #.# #
#.# #.#
#.# #.#
#.# #.#


You could see a worm.

Vanquished Creatures
  4 ball pythons
  3 endoplasms (D:1)
  2 goblins (D:1)
  A hobgoblin (D:1)
  2 kobolds (D:1)
  A quokka (D:1)
  3 rats (D:1)
16 creatures vanquished.

Notes
Turn   | Place    | Note
-------+----------+-------------------------------------------
     0 | D:1      | porpoise the Demonspawn Artificer began the quest for the
                  | Orb.
     0 | D:1      | Reached XP level 1. HP: 15/15 MP: 1/1
    90 | D:1      | Reached skill level 1 in Stealth
   807 | D:1      | Gained mutation: You are partially covered in rugged brown
                  | scales. (AC +1, +3% HP) [demonic ancestry]
   807 | D:1      | Reached XP level 2. HP: 12/22 MP: 2/2
  1766 | D:2      | Slain by a worm

Illustrated notes

Levels and vault maps discovered:
D:1:      noname_arrival_rooms_in_the_neighbourhood, layout_loops_corners
D:2:      minmay_wonky_spiral, layout_basic, grunt_ministairs_7, uniq_sigmund

Skill      XL: |  1  2 |
---------------+-------+-----
Stealth        | 1 |  1.4
Fighting       | 2 |  2.0
Armour         | |  1.7
Dodging        | |  0.8
Unarmed Combat | |  0.7
Evocations     | |  3.0

Action                   || total
-------------------------++-------
Melee: Club              ||    12
       Dagger            ||     8
       Short sword       ||    29
 Fire: Hunting sling     ||    13
Evoke: Wand              ||     3
Armor: Leather armour    ||     9
Dodge: Dodged            ||    16

Table legend: (Time is in decaauts)
 A = Elapsed time spent in this place.
 B = Non-inter-level travel time spent in this place.
 C = Inter-level travel time spent in this place.
 D = Time resting spent in this place.
 E = Time spent auto-exploring this place.
 F = Levels seen in this place.
 G = Mean time per level.
                   A        B        C        D        E       F      G
               +--------+--------+--------+--------+--------+-----+--------+
         Total |   1775 |   1721 |     54 |    831 |    714 |   2 |  887.5 |
       Dungeon |   1775 |   1721 |     54 |    831 |    714 |   2 |  887.5 |
               +--------+--------+--------+--------+--------+-----+--------+

Top non-repeatable levels by time:
     D:1: 1724 daAuts
     D:2: 51 daAuts
